 Dungeon Crawl Stone Soup version 0.21.1-1-g345015f (webtiles) character file.

454 frogsdev the Shield-Bearer (level 7, 0/55 HPs)
             Began as a Formicid Fighter on Apr 3, 2018.
             Slain by Gremour's ghost (8 damage)
             ... on level 4 of the Dungeon.
             The game lasted 00:13:01 (3048 turns).

frogsdev the Shield-Bearer (Formicid Fighter)       Turns: 3048, Time: 00:13:02

Health: 0/55       AC: 10    Str: 25    XL:     7   Next: 26%
Magic:  7/7        EV:  7    Int:  8    God:
Gold:   235        SH: 10    Dex: 10    Spells: 6/6 levels left

rFire    . . .     SeeInvis +   r - +0 falchion (vamp)
rCold    . . .     Gourm    .   c - +0 shield
rNeg     + . .     Faith    .   o - +0 chain mail
rPois    .         Spirit   .   (helmet unavailable)
rElec    .         Reflect  .   i - +0 cloak
rCorr    .         Harm     .   (no gloves)
MR       .....                  (no boots)
Stlth    ..........             (no amulet)
HPRegen  0.18/turn              m - ring of Nalyt {*Drain rN+ Str+3 Stlth+}
MPRegen  0.10/turn              (no ring)

@: very slightly contaminated, invisible
A: permanent stasis, dig shafts and tunnels, four strong arms, antennae 3
a: Dig, Shaft Self


You were on level 4 of the Dungeon.
You were not hungry.

You visited 1 branch of the dungeon, and saw 4 of its levels.

You collected 235 gold pieces.

Inventory:

Hand Weapons
 a - a +0 flail
 p - a +3 war axe
 r - a +0 vampiric falchion (weapon)
Armour
 b - a +0 scale mail
 c - a +0 shield (worn)
 i - a +0 cloak (worn)
 o - a +0 chain mail (worn)
Jewellery
 m - the ring of Nalyt (left hand) {*Drain rN+ Str+3 Stlth+}
   (You found it on level 4 of the Dungeon)

   [ring of strength]

   It affects your strength (+3).
   It protects you from negative energy.
   It causes draining when unequipped.
   It makes you more stealthy.
Wands
 j - a wand of paralysis (9)
Scrolls
 d - a scroll of amnesia {unknown}
 e - 2 scrolls of teleportation {unknown}
 h - a scroll of random uselessness {unknown}
 k - 3 scrolls of remove curse
 l - a scroll of magic mapping {unknown}
 t - 3 scrolls of identify
Potions
 g - 2 potions of flight
Books
 q - the Reference Book on Torrid Weightlessness
   (You found it on level 4 of the Dungeon)

   Spells                             Type                      Level
   a - Shock                          Conjuration/Air              1
   b - Throw Flame                    Conjuration/Fire             2
   c - Conjure Flame                  Conjuration/Fire             3
   d - Static Discharge               Conjuration/Air              3
   e - Airstrike                      Air                          4
Comestibles
 f - 5 rations
 n - 3 chunks of flesh


   Skills:
 + Level 4.5 Fighting
 + Level 0.7 Long Blades
 + Level 2.3(3.2) Axes
 + Level 3.4(3.8) Maces & Flails
 + Level 0.6 Throwing
 + Level 4.3 Armour
 + Level 1.2 Dodging
 + Level 0.1 Stealth
 + Level 5.6 Shields


You had 6 spell levels left.
You didn't know any spells.

Dungeon Overview and Level Annotations

Branches:
Dungeon (4/15)
 Temple: D:4-7

Altars:
Wu Jian

Shops:
D:4 %*[

Annotations:
D:4 Gremour's ghost, novice GrFi


Innate Abilities, Weirdness & Mutations

You cannot be hasted, slowed, berserked, paralysed or teleported.
You can dig through walls and to a lower floor.
Your four strong arms can wield two-handed weapons with a shield.
You have a pair of large antennae on your head. (SInv)


Message History

You are very lightly contaminated with residual magic.
You hit Gremour's ghost but do no damage.
Gremour's ghost is severely damaged.
Gremour's ghost hits you but does no damage.
You block Gremour's ghost's attack.
You hit Gremour's ghost but do no damage.
Gremour's ghost is severely damaged.
Gremour's ghost closely misses you.
You riposte.
You completely miss Gremour's ghost.
Gremour's ghost is severely damaged.
You hit Gremour's ghost but do no damage.
Gremour's ghost is severely damaged.
You block Gremour's ghost's attack.
You hit Gremour's ghost but do no damage.
Gremour's ghost is severely damaged.
You block Gremour's ghost's attack.
You barely miss Gremour's ghost.
Gremour's ghost is severely damaged.
Gremour's ghost hits you!
You die...

.# .# ./...# .# .#
..... ##.# .# .
#.... ...# .#
..#.... #..#
.###.# .......
#..# <....#
....... #..#
.#####
......o########..#
##
......hW@...∩....#
......[########.##
....... #......#
....... #.######
###.### #.# #. #.#
# #.# #.# #.#


You could see an orc wizard (invisible), Gremour's ghost and a jackal.

Vanquished Creatures
  An ogre (D:4)
  2 orc priests (D:4)
  A hound (D:4)
  An orc wizard (D:4)
  Ijyb (D:3)
  Robin (D:4)
  8 adders
  2 adder skeletons (D:4)
  A worm (D:3)
  2 dart slugs
  6 leopard geckos
  6 orcs
  4 ball pythons
  3 giant cockroaches
  26 goblins
  18 hobgoblins
  6 jackals
  9 kobolds
  3 quokkas
  7 bats
  4 frilled lizards
  11 rats
123 creatures vanquished.

Notes
Turn   | Place    | Note
-------+----------+-------------------------------------------
     0 | D:1      | frogsdev the Formicid Fighter began the quest for the Orb.
     0 | D:1      | Reached XP level 1. HP: 18/18 MP: 1/1
   135 | D:1      | Reached XP level 2. HP: 24/24 MP: 2/2
   180 | D:1      | Reached skill level 4 in Shields
   312 | D:1      | Reached XP level 3. HP: 27/30 MP: 3/3
  1047 | D:2      | Reached XP level 4. HP: 37/37 MP: 4/4
  1287 | D:2      | Reached XP level 5. HP: 25/42 MP: 5/5
  2198 | D:3      | Noticed Ijyb
  2208 | D:3      | Killed Ijyb
  2329 | D:4      | Found Ygroemoq's Food Shop.
  2338 | D:4      | Reached skill level 5 in Shields
  2338 | D:4      | Reached XP level 6. HP: 34/49 MP: 6/6
  2346 | D:4      | Identified the Reference Book on Torrid Weightlessness
  2397 | D:4      | Reached skill level 1 in Dodging
  2402 | D:4      | Found Ciogg's General Store.
  2431 | D:4      | Noticed Gremour's ghost (novice GrFi)
  2526 | D:4      | Got a glittering silver ring
  2527 | D:4      | Identified the ring of Nalyt {*Drain rN+ Str+3 Stlth+} (You found it on level 4 of the Dungeon)
  2555 | D:4      | Noticed an ogre
  2563 | D:4      | HP: 1/49 [ogre/giant spiked club (12)]
  2564 | D:4      | Killed an ogre
  2564 | D:4      | Reached skill level 1 in Axes
  2839 | D:4      | Found an ornate altar of the Wu Jian Council.
  2839 | D:4      | Noticed Robin
  2849 | D:4      | Killed Robin
  2937 | D:4      | Reached XP level 7. HP: 52/55 MP: 7/7
  2974 | D:4      | Found Xuipos's Armour Shop.
  3048 | D:4      | Slain by Gremour's ghost

Skill      XL: |  1  2  3  4  5  6 |
---------------+-------------------+-----
Shields        | 4 5 |  5.6
Fighting       | 4 |  4.5
Maces & Flails | 3 |  3.4
Armour         | 4 |  4.3
Dodging        | 1 |  1.2
Axes           | 2 |  2.3
Long Blades    | |  0.7
Throwing       | |  0.6
Stealth        | |  0.1

Action                   |  1- 3 |  4- 6 |  7- 9 || total
-------------------------+-------+-------+-------++-------
Melee: Flail             |   146 |   185 |       ||   331
       War axe           |       |    89 |       ||    89
       Falchion          |       |    25 |    64 ||    89
Throw: Tomahawk          |       |     3 |       ||     3
  Use: Scroll            |       |     6 |       ||     6
       Potion            |       |     6 |     2 ||     8
  Eat: Chunk             |       |     7 |       ||     7
       Ration            |       |     2 |       ||     2
Armor: Scale mail        |    53 |   105 |       ||   158
       Chain mail        |       |    70 |    75 ||   145
Dodge: Dodged            |    40 |   136 |    30 ||   206
Block: Shield            |    87 |   219 |    58 ||   364
       Rpst.: Falchion   |       |     1 |    10 ||    11
